 Dungeon Crawl Stone Soup version 0.30-a0-1043-g60ff8d5f49 (webtiles) character file.

Game seed: 10823510708784278228

169 Pimp the Trooper (level 5, -3/47 HPs)
             Began as a Hill Orc Fighter on Apr 10, 2023.
             Killed by divine providence
             ... invoked by an orc priest
              (16 damage)
             ... on level 4 of the Dungeon.
             The game lasted 00:03:46 (2373 turns).

Pimp the Trooper (Hill Orc Fighter)                 Turns: 2373, Time: 00:03:48

Health: -3/47      AC: 11    Str: 19    XL:     5   Next: 50%
Magic:  5/5        EV:  7    Int: 10    God:
Gold:   98         SH:  9    Dex: 10    Spells: 4/4 levels left

rFire   . . .      SeeInvis .    a - +0 war axe
rCold   . . .      Faith    .    c - +0 buckler
rNeg    . . .      Spirit   .    v - +0 chain mail
rPois   +          Reflect  +    h - +1 helmet
rElec   .          Rampage  .    (no cloak)
rCorr   .                        (no gloves)
Will    +....                    (no boots) Stlth
                                 j - amulet of reflection
HPRegen 0.27/turn                g - ring of willpower
MPRegen 0.09/turn                l - ring of poison resistance

@: no status effects
A: no striking features
a: Convert to Beogh


You were on level 4 of the Dungeon.
You visited 1 branch of the dungeon, and saw 4 of its levels.

You collected 98 gold pieces.

Inventory:

Hand Weapons
 a - a +0 war axe (weapon)
 m - a +2 sling of draining
Armour
 b - a +0 scale mail
 c - a +0 buckler (worn)
 h - a +1 helmet (worn)
 v - a +0 chain mail (worn)
Jewellery
 g - a ring of willpower (left hand)
 j - an amulet of reflection (around neck)
 l - a ring of poison resistance (right hand)
 p - a ring of wizardry
 q - a ring of willpower
Scrolls
 e - 5 scrolls of identify {unknown}
 r - a scroll of fear {unknown}
 s - a scroll of magic mapping {unknown}
 t - a scroll of enchant weapon {unknown}
 w - a scroll of teleportation {unknown}
 x - a scroll of noise {unknown}
 y - a scroll of blinking {unknown}
 B - a scroll of brand weapon {unknown}
Potions
 d - 2 potions of might
 f - 2 potions of brilliance {unknown}
 i - 2 potions of flight {unknown}
 k - 2 potions of curing
 n - a potion of attraction {unknown}
 o - 2 potions of heal wounds {unknown}
 u - a potion of haste {unknown}
 z - a potion of invisibility {unknown}
 A - a potion of mutation {unknown}


   Skills:
 + Level 4.7 Fighting
 + Level 4.3 Axes
 + Level 4.3 Armour
 + Level 4.3 Shields


You had 4 spell levels left.
You didn't know any spells.
Your spell library contained the following spells:

 Spells                   Type           Power      Damage    Failure   Level
 Magic Dart               Conj           0%         1d3       99%         1
 Sandblast                Erth           0%         2d4       99%         1
 Call Imp                 Summ           0%         N/A       99%         2
 Ensorcelled Hibernation  Hex/Ice        0%         N/A       99%         2
 Passwall                 Tmut/Erth      0%         N/A       99%         2
 Mephitic Cloud           Conj/Pois/Air  0%         N/A       100%        3
 Stone Arrow              Conj/Erth      0%         3d7       100%        3
 Swiftness                Air            0%         N/A       100%        3


Dungeon Overview and Level Annotations

Branches:
Dungeon (4/15)
 Temple: D:4-7

Altars:
Fedhas
Kikubaaqudgha

Shops:
D:4 !


Message History

The kobold hits you but does no damage. The ufetubus closely misses you.
The ufetubus hits you but does no damage.
The orc priest threatens, "By the altar or by the axe, you will meet Beogh!"
It was a potion of curing.
You feel better.
The ufetubus hits you but does no damage. x2
The orc priest threatens, "By the altar or by the axe, you will meet Beogh!"
The orc priest hits you but does no damage.
You block the kobold's attack. You block the gnoll's attack.
The ufetubus hits you. The ufetubus barely misses you.
You barely miss the orc priest.
The orc priest is heavily wounded.
You hit the ufetubus.
You kill the ufetubus!
The orc priest shouts, "Beogh is our master!
Accept the truth or die!"
You hit the gnoll. You hit the kobold but do no damage.
The orc priest threatens, "By the altar or by the axe, you will meet Beogh!"
You block the orc priest's attack. The kobold hits you but does no damage.
The gnoll barely misses you. The kobold completely misses you.
The orc priest hits you but does no damage.
You block the gnoll's attack.
Unknown command.
You hit the orc priest.
The orc priest is heavily wounded.
You slash the gnoll!
You kill the gnoll!
You closely miss the kobold. The orc priest barely misses you.
You block the kobold's attack.
Unknown command.
You hit the orc priest.
The orc priest is severely wounded.
You completely miss the kobold. You block the orc priest's attack.
The kobold hits you with a +4 short sword.
* * * LOW HITPOINT WARNING * * *
You closely miss the orc priest.
The orc priest is severely wounded.
You barely miss the kobold. You block the orc priest's attack.
The kobold barely misses you. The kobold hits you but does no damage.
The orc priest calls down the wrath of Beogh upon you.
Beogh smites you!
You die...

# #...#####..#
.. #...#...#..#
$.###.#.#.>.#.##
#...[..#...#.#
#......#.∩.#.#
##......#B..#.#
........#####.#
#....o))....##
#....K@)..###
###..)###.#
#...# #.# ....#.
#.# ... . #$# ..
.. ... . .. ...
...


You could see an orc priest, a giant cockroach and a kobold.

Vanquished Creatures
  An orc wizard (D:4)
  3 gnolls (D:4)
  6 adders
  An ufetubus (D:4)
  2 dart slugs
  6 orcs
  5 endoplasms
  4 giant cockroaches
  4 hobgoblins
  2 quokkas
  4 ball pythons
  2 bats (D:3)
  A frilled lizard (D:2)
  4 goblins
  2 kobolds
  3 rats
50 creatures vanquished.

Vanquished Creatures (others)
  4 demonic plants (D:2)
  A plant (D:3)
  3 withered plants
8 creatures vanquished.

Grand Total: 58 creatures vanquished

Notes
Turn   | Place    | Note
-------+----------+-------------------------------------------
     0 | D:1      | Pimp the Hill Orc Fighter began the quest for the Orb.
     0 | D:1      | Reached XP level 1. HP: 19/19 MP: 1/1
   282 | D:1      | Reached XP level 2. HP: 27/27 MP: 2/2
  1032 | D:2      | Reached XP level 3. HP: 31/33 MP: 3/3
  1133 | D:2      | Found a faded altar of an unknown god.
  1594 | D:3      | Identified the +8 long sword of the King {freeze, Fragile
                  | rPois rCorr Str+7}
  1688 | D:3      | Reached XP level 4. HP: 40/40 MP: 4/4
  2018 | D:3      | Found a blossoming altar of Fedhas.
  2020 | D:3      | Found an ancient bone altar of Kikubaaqudgha.
  2338 | D:4      | Found Biamp's Distillery.
  2364 | D:4      | Reached XP level 5. HP: 21/47 MP: 5/5
  2373 | D:4      | Killed from afar by an orc priest

Illustrated notes

Levels and vault maps discovered:
D:1:      matt_arrival_diagonals, layout_loops_corners
D:2:      layout_rooms, shapermc_ecumenical_altar_gd
D:3:      layout_loops_ring, grunt_temple_overflow_growth_and_decay,
          supply_closet_lemuel, st_stairs_12, hangedman_decor_opposing
D:4:      layout_rooms, mrwooster_statue_mirror, nicolae_take_the_stairs,
          uniq_robin

Skill      XL: |  1  2  3  4 |
---------------+-------------+-----
Axes           | 3 4 |  4.3
Fighting       | 4 |  4.7
Shields        | 4 |  4.3
Armour         | 4 |  4.3

Action                     |  1- 3 |  4- 6 || total
---------------------------+-------+-------++-------
  Melee: War axe           |   100 |    59 ||   159
    Use: Potion            |       |     1 ||     1
 Armour: Scale mail        |    34 |       ||    34
         Chain mail        |    17 |    55 ||    72
  Dodge: Dodged            |    35 |    23 ||    58
  Block: Buckler           |    45 |    46 ||    91

Table legend: (Time is in decaauts)
 A = Elapsed time spent in this place.
 B = Non-inter-level travel time spent in this place.
 C = Inter-level travel time spent in this place.
 D = Time resting spent in this place.
 E = Time spent auto-exploring this place.
 F = Levels seen in this place.
 G = Mean time per level.
                   A        B        C        D        E       F      G
               +--------+--------+--------+--------+--------+-----+--------+
         Total |   2431 |   2241 |    190 |      0 |   1731 |   4 |  607.8 |
       Dungeon |   2431 |   2241 |    190 |      0 |   1731 |   4 |  607.8 |
               +--------+--------+--------+--------+--------+-----+--------+

Top non-repeatable levels by time:
     D:1: 979 daAuts
     D:3: 803 daAuts
     D:2: 568 daAuts
     D:4: 79 daAuts
